 Dungeon Crawl Stone Soup version 0.30-a0-779-g7971cf19c3 (webtiles) character file.

Game seed: 2530457396687288196

30 zibbyzibby the Sneak (level 3, 0/24 HPs)
             Began as an Octopode Brigand on Feb 17, 2023.
             Succumbed to an adder's poison
             ... on level 2 of the Dungeon.
             The game lasted 00:13:40 (422 turns).

zibbyzibby the Sneak (Octopode Brigand)              Turns: 422, Time: 00:13:40

Health: 0/24       AC:  1    Str: 10    XL:     3   Next: 18%
Magic:  3/3        EV: 12    Int: 13    God:
Gold:   42         SH:  0    Dex: 15    Spells: 2/2 levels left

rFire   + . .      SeeInvis .    o - +3 long sword
rCold   . . .      Faith    .    (no shield)
rNeg    . . .      Spirit   .    (helmet restricted)
rPois   .          Reflect  .    (no amulet)
rElec   .          Harm     .    h - ring of protection from fire
rCorr   .          Rampage  .    (no ring)
Will    .....                    (no ring)
Stlth   ++++                     (no ring)
HPRegen 0.24/turn                (no ring)
MPRegen 0.08/turn                (no ring)
                                 (no ring)
                                 (no ring)

@: lethally poisoned (0 -> -5)
A: almost no armour, amphibious, 8 rings, camouflage 1, gelatinous body 1,
(nimble swimmer 1), tentacles
a: no special abilities


You were on level 2 of the Dungeon.
You visited 1 branch of the dungeon, and saw 2 of its levels.

You collected 42 gold pieces.

Inventory:

Hand Weapons
 a - a +2 dagger
 f - a +0 sling
 g - a +0 club
 k - a +0 short sword
 l - a +0 dagger
 o - a +3 long sword (weapon)
Missiles
 b - 8 poisoned darts (quivered)
 c - 3 curare-tipped darts
 m - 6 stones
Armour
 n - a +0 leather armour
Jewellery
 h - a ring of protection from fire (left tentacle)
Wands
 i - a wand of digging (4)
Scrolls
 d - a scroll of silence {unknown}
 j - a scroll of identify {unknown}
 p - a scroll of noise {unknown}
Potions
 e - a potion of mutation {unknown}
 q - 2 potions of degeneration {unknown}


   Skills:
 + Level 2.1 Fighting
 + Level 2.2 Short Blades
 + Level 2.2 Throwing
 + Level 1.0 Dodging
 + Level 6.2 Stealth


You had 2 spell levels left.
You didn't know any spells.
Your spell library was empty.

Dungeon Overview and Level Annotations

Branches:
Dungeon (2/15)

Altars:


Innate Abilities, Weirdness & Mutations

You cannot wear most types of armour.
You are amphibious.
You can wear up to eight rings at the same time.
Your skin changes colour to match your surroundings (Stealth+).
Your rubbery body absorbs attacks. (AC +1, EV +1)
((You are camouflaged when in or above water. (Stealth+)))
You have tentacles for arms and can constrict up to eight enemies at once.


Message History

The endoplasm looks even sicker.
The endoplasm is heavily wounded.
You throw a poisoned dart. The poisoned dart hits the endoplasm.
The endoplasm is heavily wounded.
You kill the endoplasm!
A giant cockroach and an adder come into view.
A worm and an endoplasm come into view.
Found a scroll labelled LAZAONAFIO.
The endoplasm moves out of view.
An adder comes into view.
You see here a poisoned dart.
You see here a poisoned dart.
b - 7 poisoned darts (gained 1)
The adder hisses angrily.
You see here a poisoned dart.
b - 8 poisoned darts (gained 1)
The worm bites you!
You hit the worm. Your grab misses the worm.
The worm is lightly wounded.
The adder bites you.
You are poisoned.
The adder poisons you! The worm closely misses you.
You feel sick.
You barely miss the adder. You grab the adder. You constrict the adder.
You feel sick. The adder barely misses you. x2
You release your grip on the adder.
You feel sick.
You are no longer poisoned.
The adder bites you.
* * * LOW HITPOINT WARNING * * *
The adder bites you.
* * * LOW HITPOINT WARNING * * *
The adder closely misses you. The adder attacks as you move away!
The adder closely misses you. The adder bites you.
* * * LOW HITPOINT WARNING * * *
You are lethally poisoned!
The adder poisons you!
You slash the adder! You grab the adder.
The adder is almost dead.
You constrict the adder, but do no damage.
You die...

###.##.......#### ##. ##
.>..###.....##.. ... ...
#.....#######..####.# #.##
####......####...##.#.....
####..............#.#.BS?.
.....#####.#####......JJ..
.#..## #..# ##...#..>.
##.## ##.######w.# .. ...#
#.....@S#.###.### .###
#######.......... #
##.#...#... # #....## .
##.#... . ...#.# # ##.#..#
# .. ... # .. ##


You could see a worm, an adder and a giant cockroach (asleep).

Vanquished Creatures
  An adder (D:2)
  2 ball pythons (D:2)
  A bat (D:2)
  An endoplasm (D:2)
  5 goblins (D:2)
  4 hobgoblins (D:2)
  2 frilled lizards (D:2)
  A kobold (D:2)
  A rat (D:2)
18 creatures vanquished.

Notes
Turn   | Place    | Note
-------+----------+-------------------------------------------
     0 | D:1      | zibbyzibby the Octopode Brigand began the quest for the
                  | Orb.
     0 | D:1      | Reached XP level 1. HP: 14/14 MP: 1/1
   177 | D:2      | Reached XP level 2. HP: 19/19 MP: 2/2
   185 | D:2      | Reached skill level 6 in Stealth
   287 | D:2      | Reached XP level 3. HP: 21/24 MP: 3/3
   422 | D:2      | Succumbed to an adder's poison

Illustrated notes

Levels and vault maps discovered:
D:1:      minmay_arrival_jagged, layout_basic
D:2:      layout_rooms, st_stairs_3, minmay_goblin_kobold_house, uniq_natasha

Skill      XL: |  1  2 |
---------------+-------+-----
Stealth        | 6 |  6.2
Fighting       | |  2.1
Short Blades   | |  2.2
Throwing       | |  2.2
Dodging        | |  1.0

Action                     || total
---------------------------++-------
  Melee: Dagger            ||    28
         Constrict         ||    11
         Tentacles         ||     9
         Long sword        ||     3
  Throw: Dart              ||    11
 Armour: Skin              ||     1
  Dodge: Dodged            ||    25

Table legend: (Time is in decaauts)
 A = Elapsed time spent in this place.
 B = Non-inter-level travel time spent in this place.
 C = Inter-level travel time spent in this place.
 D = Time resting spent in this place.
 E = Time spent auto-exploring this place.
 F = Levels seen in this place.
 G = Mean time per level.
                   A        B        C        D        E       F      G
               +--------+--------+--------+--------+--------+-----+--------+
         Total |    411 |    406 |      5 |      0 |      8 |   2 |  205.5 |
       Dungeon |    411 |    406 |      5 |      0 |      8 |   2 |  205.5 |
               +--------+--------+--------+--------+--------+-----+--------+

Top non-repeatable levels by time:
     D:2: 380 daAuts
     D:1: 31 daAuts
